 Dungeon Crawl Stone Soup version 0.30.1-11-g7821555f0a (webtiles) character file.

Game seed: 10724844353941635535

109 Chiseanne the Trooper (level 4, -3/37 HPs)
             Began as a Demonspawn Wanderer on Nov 25, 2023.
             Slain by an orc priest
             ... wielding a +0 morningstar
              (6 damage)
             ... on level 3 of the Dungeon.
             The game lasted 00:03:03 (1240 turns).

Chiseanne the Trooper (Demonspawn Wanderer)         Turns: 1240, Time: 00:03:04

Health: -3/37      AC:  4    Str: 11    XL:     4   Next: 60%
Magic:  5/5        EV: 12    Int: 15    God:
Gold:   69         SH:  0    Dex: 14    Spells: 4/5 levels left

rFire   . . .        a - +3 quarterstaff
rCold   . . .        (shield currently unavailable)
rNeg    . . .        e - +0 leather armour
rPois   .            (no helmet)
rElec   .            (no cloak)
rCorr   .            b - +0 pair of gloves
SInv    .            (no boots)
Will    .....        g - amulet of regeneration
Stlth   ++           (no ring)
HPRegen 1.06/turn    (no ring)
MPRegen 0.09/turn

%: no passive effects
@: hasted, very quick
A: ignite blood 2
a: no special abilities


You were on level 3 of the Dungeon.
You visited 1 branch of the dungeon, and saw 3 of its levels.

You collected 69 gold pieces.

Inventory:

Hand Weapons
 a - a +3 quarterstaff (weapon)
Missiles
 f - 10 stones
Armour
 b - a +0 pair of gloves (worn)
 e - a +0 leather armour (worn)
 p - a +0 ring mail
Jewellery
 g - an amulet of regeneration (around neck)
 i - an amulet of faith
Scrolls
 c - a scroll of blinking
Potions
 h - a potion of ambrosia {unknown}
 j - 2 potions of magic
 k - a potion of mutation
 m - a potion of heal wounds {unknown}


   Skills:
 * Level 3.9 Fighting
 - Level 1.7 Staves
 * Level 2.0 Armour
 * Level 2.1 Dodging
 - Level 1.7 Stealth
 - Level 1.0 Spellcasting
 - Level 1.0 Air Magic
 - Level 1.0 Evocations


You had 4 spell levels left.
You knew the following spells:

 Your Spells              Type           Power      Damage    Failure   Level
a - Shock                 Conj/Air       8%         1d3       26%         1

Your spell library contained the following spells:

 Spells                   Type           Power      Damage    Failure   Level
 Mephitic Cloud           Conj/Pois/Air  1%         N/A       65%         3


Dungeon Overview and Level Annotations

Branches:
Dungeon (3/15)

Altars:

Annotations:
D:2 Sigmund


Innate Abilities, Weirdness & Mutations

Your demonic aura often causes spilled blood to erupt in flames.


Message History

You hit the orc.
The orc is severely wounded.
You closely miss the orc. The orc closely misses you.
The orc completely misses you. The orc priest barely misses you.
You closely miss the orc priest. The orc closely misses you.
The orc priest misses you. The orc closely misses you.
The orc hits you with a +0 dagger. The orc closely misses you.
The orc completely misses you. The orc priest barely misses you.
You sock the orc priest!
The orc priest is heavily wounded.
The orc priest hits you with a +0 morningstar!
The orc barely misses you. The orc hits you but does no damage.
The orc misses you. The orc hits you with a +0 mace.
You thump the orc!
You kill the orc!
The orc hits you but does no damage. x2; The orc hits you with a +0 hand axe.
The orc priest calls down the wrath of Beogh upon you.
Beogh smites you!
You hit the orc priest but do no damage.
The orc priest is heavily wounded.
The orc misses you. The orc hits you with a +0 dagger. The orc misses you.
The orc priest misses you.
You hit the orc priest.
The orc priest is almost dead.
The orc hits you with a +0 dagger. The orc misses you.
The orc hits you with a +0 hand axe.
The orc priest mumbles some strange prayers to Beogh against you.
Pain shoots through your body!
* * * LOW HITPOINT WARNING * * *
You closely miss the orc priest.
The orc priest is almost dead.
The orc hits you but does no damage. x2; The orc barely misses you.
The orc priest closely misses you. The orc priest barely misses you.
The orc closely misses you. x2; The orc hits you with a +0 hand axe.
* * * LOW HITPOINT WARNING * * *
It was a potion of haste.
You feel yourself speed up. The orc closely misses you. The orc misses you.
The orc hits you but does no damage.
The orc priest hits you with a +0 morningstar.
You die...

## .# .#
#.## ..#
##...##
#.# ##.
##.....##
#.# #..
##..o.?..#
#.# #.#
#..@o....#
#.# #.#
#.)oo....#
#.# #.#
#.#.....##
#.# #.#
#.##...##
#.# #.#
#.# ####
..#####.##
#.#
.#.......#
#.#
..#####..#
#.#
#........#
#.#


You could see an orc priest and 3 orcs.

Vanquished Creatures
  Jessica (D:2)
  2 gnolls (D:2)
  An adder (D:2)
  A dart slug (D:1)
  An orc (D:3)
  5 ball pythons
  3 endoplasms (D:1)
  2 giant cockroaches (D:1)
  4 goblins (D:1)
  3 hobgoblins
  5 jackals
  6 quokkas
  2 bats
  3 frilled lizards
  5 kobolds
  6 rats
50 creatures vanquished.

Notes
Turn   | Place    | Note
-------+----------+-------------------------------------------
     0 | D:1      | Chiseanne the Demonspawn Wanderer began the quest for the
                  | Orb.
     0 | D:1      | Chiseanne set off with the following items: a +2
                  | quarterstaff, a +0 pair of gloves, a scroll of blinking, a
                  | +0 robe; and the following spell memorised: Shock; and the
                  | following spells available to memorise: Mephitic Cloud.
     0 | D:1      | Reached XP level 1. HP: 18/18 MP: 2/2
   225 | D:1      | Gained mutation: Your demonic aura sometimes causes spilled
                  | blood to erupt in flames. [demonic ancestry]
   225 | D:1      | Reached XP level 2. HP: 23/24 MP: 3/3
   323 | D:1      | Reached skill level 1 in Armour
   323 | D:1      | Reached skill level 1 in Dodging
   472 | D:1      | Reached XP level 3. HP: 29/29 MP: 4/4
   765 | D:2      | Noticed Jessica
   771 | D:2      | Killed Jessica
   782 | D:2      | Gained mutation: Your demonic aura often causes spilled
                  | blood to erupt in flames. [demonic ancestry]
   782 | D:2      | Reached XP level 4. HP: 37/37 MP: 5/5
   946 | D:2      | Noticed Sigmund
  1240 | D:3      | Slain by an orc priest

Illustrated notes

Levels and vault maps discovered:
D:1:      eino_arrival_druids_welcome, layout_loops_ring, serial_glass,
          glass_columns_a, glass_columns_a, due_unseen_surprise
D:2:      wad_woods_tower, layout_loops_cross, ebering_ecumenical_altar_webs,
          uniq_sigmund, uniq_jessica, uniq_natasha
D:3:      layout_loops_ring, palyth_stone_intersect

Skill      XL: |  1  2  3  4 |
---------------+-------------+-----
Armour         | 1 2 |  2.0
Dodging        | 1 2 |  2.1
Fighting       | |  3.9
Staves         | |  1.7
Stealth        | |  1.7
Spellcasting   | |  1.0
Air Magic      | |  1.0
Evocations     | |  1.0

Action                     |  1- 3 |  4- 6 || total
---------------------------+-------+-------++-------
  Melee: Quarterstaff      |   108 |    36 ||   144
    Use: Scroll            |     1 |     6 ||     7
         Potion            |       |     1 ||     1
   Stab: Sleeping          |     2 |       ||     2
 Armour: Leather armour    |    46 |    15 ||    61
  Dodge: Dodged            |    71 |    51 ||   122
